 Dungeon Crawl Stone Soup version 0.26-a0-40-gfe7b5d5a6f (webtiles) character file.

Game seed: 14884270403698743530, levelgen mode: deterministic

282 Maedhros the Insei (level 6, -2/38 HPs)
             Began as an Octopode Artificer on May 31, 2020.
             Was a Plaything of Xom.
             Killed from afar by an electric eel (13 damage)
             ... with a bolt of electricity
             ... on level 5 of the Dungeon.
             The game lasted 00:05:30 (565 turns).

Maedhros the Insei (Octopode Artificer)              Turns: 565, Time: 00:05:32

Health: -2/38      AC:  1    Str: 11    XL:     6   Next: 28%
Magic:  8/8        EV: 13    Int: 14    God:    Xom [..*...]
Gold:   62         SH:  8    Dex: 14    Spells: 5/5 levels left

rFire    . . .     SeeInvis .   m - +2 short sword (protect)
rCold    . . .     Gourm    .   l - +0 buckler
rNeg     . . .     Faith    .   (helmet restricted)
rPois    .         Spirit   .   e - amulet of reflection
rElec    .         Reflect  +   (no ring)
rCorr    .         Harm     .   (no ring)
MR       .....                  (no ring)
Stlth    ++++......             (no ring)
HPRegen  0.12/turn              (no ring)
MPRegen  0.11/turn              (no ring)
                                (no ring)
                                (no ring)

@: no status effects
A: almost no armour, stealthy swim, amphibious, 8 rings, constrict 8, camouflage
1, gelatinous body 1
a: Renounce Religion


You were on level 5 of the Dungeon.
You worshipped Xom.
You were a toy of Xom.
You were not hungry.

You visited 1 branch of the dungeon, and saw 5 of its levels.

You collected 62 gold pieces.

Inventory:

Hand Weapons
 j - a +1 dagger of chaos
 m - a +2 short sword of protection (weapon)
Missiles
 i - 16 poisoned darts (quivered)
Armour
 l - a +0 buckler (worn)
Jewellery
 e - an amulet of reflection (around mantle)
Wands
 b - a wand of flame (20)
 c - a wand of enslavement (10)
 d - a wand of random effects (10)
Scrolls
 g - 5 scrolls of identify
 k - a scroll of enchant armour
Potions
 h - a potion of might
Comestibles
 f - a ration


   Skills:
 - Level 1.0 Fighting
 - Level 1.0 Short Blades
 - Level 2.0 Dodging
 - Level 4.0 Stealth
 + Level 5.3 Unarmed Combat
 - Level 3.2 Evocations


You had 5 spell levels left.
You didn't know any spells.
Your spell library was empty.

Dungeon Overview and Level Annotations

Branches:
Dungeon (5/15)
 Temple: D:4-7

Altars:
Elyvilon
Makhleb
Xom
The Shining One

Annotations:
D:5 1 transporter


Innate Abilities, Weirdness & Mutations

You cannot wear most types of armour.
You are very stealthy in the water. (Stealth+)
You are amphibious.
You can wear up to eight rings at the same time.
You can use your tentacles to constrict eight enemies at once.
Your skin changes colour to match your surroundings (Stealth+).
Your rubbery body absorbs attacks. (AC +1, EV +1)


Message History

Aiming: Throw Flame
Press: ? - help, Shift-Dir - straight line, f - you
Okay, then.
Okay, then.
The electric eel shoots out a bolt of lightning at you!
The bolt of electricity hits you! x2
* * * LOW HITPOINT WARNING * * *
The bolt of electricity hits the plant!
There is an open door here.
Evoke which item? (* to show all) (? for menu, Esc to quit)
Aiming: Throw Flame
Press: ? - help, Shift-Dir - straight line, f - electric eel
Aim: an electric eel The puff of flame hits the electric eel!
The electric eel is severely wounded.
The electric eel is engulfed in a cloud of scalding steam.
The electric eel shoots out a bolt of lightning at you!
The bolt of electricity hits you!
You die... "Boring in life, boring in death..."

#.#####.# #.# #.# #.# #..
#.###################
#.#.......$.........# #
#.#.###############.# .#
#.#.#8P#≈≈≈≈≈≈≈#≈8#.###.#.#
#...#..#≈≈≈≈≈..#..#........
#..©#©[+≈≈≈⌠≈..@.©#©..###
##..#..#≈≈P≈P..#..#..##
##.#8P#≈≈≈≈≈≈;#P8#.##
#.###############.#
#.................#
###################


You could see an electric eel.

Vanquished Creatures
  Duvessa (D:4)
  An electric eel (D:5)
  2 crimson imps
  A jelly (D:5)
  A hound zombie (D:5)
  An adder (D:2)
  An ooze (D:1)
  An orc (D:4)
  2 giant cockroaches
  2 goblins
  2 jackals (D:5)
  3 kobolds (D:2)
  A rat (D:3)
  A plant (D:5)
20 creatures vanquished.

Vanquished Creatures (others)
  Dowan (D:4)
1 creature vanquished.

Grand Total: 21 creatures vanquished

Notes
Turn   | Place    | Note
-------+----------+-------------------------------------------
     0 | D:1      | Maedhros the Octopode Artificer began the quest for the
                  | Orb.
     0 | D:1      | Reached XP level 1. HP: 13/13 MP: 3/3
     0 | D:1      | ok last one was disaster xD and one before also. Now time
                  | for highscore
    84 | D:1      | Reached XP level 2. HP: 12/18 MP: 4/4
   155 | D:2      | Reached XP level 3. HP: 22/23 MP: 5/5
   201 | D:3      | Found a shimmering altar of Xom.
   202 | D:3      | Found a burning altar of Makhleb.
   211 | D:3      | Reached skill level 2 in Unarmed Combat
   211 | D:3      | Reached XP level 4. HP: 19/28 MP: 6/6
   219 | D:3      | Became a worshipper of Xom the Tricky
   263 | D:4      | Noticed Duvessa
   263 | D:4      | Noticed Dowan
   264 | D:4      | XOM: potion effect (brilliance)
   273 | D:4      | Found a white marble altar of Elyvilon.
   273 | D:4      | Your ally died
   331 | D:4      | Killed Duvessa
   331 | D:4      | Reached skill level 4 in Unarmed Combat
   331 | D:4      | Reached XP level 5. HP: 6/33 MP: 7/7
   376 | D:5      | Entered Level 5 of the Dungeon
   456 | D:5      | Reached skill level 5 in Unarmed Combat
   456 | D:5      | Reached XP level 6. HP: 19/38 MP: 8/8
   467 | D:5      | Found a glowing golden altar of the Shining One.
   483 | D:5      | Found a transporter.
   497 | D:5      | Found a transporter.
   529 | D:5      | XOM: silly message
   565 | D:5      | Killed from afar by an electric eel

Illustrated notes #PPPPPPPPP #PPPPP.... .PPP..PPPP #PP.PPP... #PP.PP.PPP #P.PP.PP.P #P.P.PP.P. #P@P.P.PPP #P.P.PP.P. #P.PP.PP.P #PP.PP.PPP #PP.PPP... #PPP..PPPP .PPPPP.... .PPPPPPPPP Turn 0 on D:1: ok last one was disaster xD and one before also. Now time for highscore

Levels and vault maps discovered:
D:1:      roderic_crop_circles_arrival_small, layout_loops_ring
D:2:      layout_basic, nicolae_qazlal_style_of_elements,
          chequers_temple_overflow_statue_of_worship
D:3:      layout_rooms, grunt_temple_overflow_champion_of_chaos,
          okawaru_altar_gauntlet_db, ebering_ghost_disaster_area, st_stairs_5,
          evilmike_ruin_ashenzari
D:4:      layout_loops_cross, elyvilon_altar_4, marbit_many_paths, first_ration,
          minmay_fractal_squares_5, uniq_duvessa
D:5:      gammafunk_steamed_eel, layout_basic, tso_metal_star, serial_shops,
          shop, basic_altar, minmay_misc_feat_encased

Skill      XL: |  1  2  3  4  5 |
---------------+----------------+-----
Stealth        | 3 4 |  4.0
Unarmed Combat | 2 4 5 |  5.3
Fighting       | |  1.0
Short Blades   | |  1.0
Dodging        | |  2.0
Evocations     | |  3.2

Action                   |  1- 3 |  4- 6 || total
-------------------------+-------+-------++-------
Melee: Short sword       |    27 |    35 ||    62
       Tentacles         |     7 |    10 ||    17
       Constrict         |     5 |     4 ||     9
Evoke: Wand              |     1 |    18 ||    19
  Use: Scroll            |       |     2 ||     2
 Stab: Sleeping          |     6 |     1 ||     7
       Paralysed         |     1 |       ||     1
Armor: Skin              |     2 |     1 ||     3
Dodge: Dodged            |     7 |    10 ||    17
Block: Other             |     2 |     2 ||     4
       Buckler           |       |     1 ||     1

Table legend:
 A = Non-vault XP
 B = Vault XP
 C = Vault XP percentage of total XP
 D = Non-vault monster count
 E = Vault monster count
 F = Vault count percentage of total count
                 A         B        C        D         E       F
            +---------+---------+-------+---------+---------+-------
      Total |     154 |     249 |  61.8 |      16 |       3 |  15.8
            +---------+---------+-------+---------+---------+-------
        D:1 |      11 |       0 |   0.0 |       3 |       0 |   0.0
        D:2 |      23 |       0 |   0.0 |       6 |       0 |   0.0
        D:3 |       1 |      50 |  98.0 |       1 |       1 |  50.0
        D:4 |       3 |     142 |  97.9 |       1 |       1 |  50.0
        D:5 |     116 |      57 |  32.9 |       5 |       1 |  16.7
            +---------+---------+-------+---------+---------+-------
